Warning! The script has encountered some errors when parsing the replay. Please report them to the . » details
0x00, prev: 0x16: 16 02 05 00 01 67 00 00 B1 78 00 00 3D 68 00 00 46 73 00 00 07 69 00 00 0D 69 00 00 20 69 00 00 26 69 00 00 39 69 00 00 3F 69 00 00 [00] 00 00 00 00 00 00 00 00 00 00 00 00 00 00 00 00 00 00 00 00 00 00 00 00 00 02 11 00 18 00 03 1A 19 72 61 66 4F 5D 60 00 00 7E A2 00 00 04 1F 00 12 00 00 0F 00 0D 00 FF FF FF FF FF FF FF FF 91 01 9D C5 33 79 58 C5 A4 6D 00 00 02 71 03 00
0x00, prev: 0x00: 16 02 05 00 01 67 00 00 B1 78 00 00 3D 68 00 00 46 73 00 00 07 69 00 00 0D 69 00 00 20 69 00 00 26 69 00 00 39 69 00 00 3F 69 00 00 00 00 00 00 00 00 00 00 00 00 00 00 00 00 00 00 00 00 00 00 00 00 00 00 [00] 00 02 11 00 18 00 03 1A 19 72 61 66 4F 5D 60 00 00 7E A2 00 00 04 1F 00 12 00 00 0F 00 0D 00 FF FF FF FF FF FF FF FF 91 01 9D C5 33 79 58 C5 A4 6D 00 00 02 71 03 00
0x00, prev: 0x02: 16 02 0A 00 BF 56 00 00 B6 CA 04 00 BE 5A 00 00 90 13 05 00 26 5B 00 00 F4 58 04 00 54 5B 00 00 D0 AB 04 00 77 5B 00 00 3E 28 04 00 70 5D 00 00 01 37 05 00 06 65 00 00 68 28 04 00 0D 6B 00 00 E8 3B 05 00 19 6B 00 00 1E 59 04 00 E6 6C 00 00 24 C6 04 00 00 00 00 00 00 00 00 00 00 00 00 00 00 00 00 00 00 00 00 00 00 00 00 00 02 [00] 01 36 00 16 02 03 00 D7 25 00 00 29 61 05 00 2C 5B 00 00 04 44 05 00 E0 60 00 00 34 10 05 00 16 01 01 00 69 2D 00 00 06 DD 03 00 1A 19 67 69 7A 75 69 2D 00 00 06 DD 03 00
General information
- name: BNet
- type: Ladder team game (AT/RT)
- host: Battle.net
- saver: brucewillisusa
map: TwistedMeadows
- players: 4
- length: 23:32
- speed: Fast
- version: 1.23 W3XP
- replay type: Public
» download(130 KB)
Players
team 1 (winner)

»
avid.milk2 (
teal | 51 APM | 1204 actions | 23:31)
2 Goblin Tinker
1 Pocket Factory
1 Engineering Upgrade
2 Death Knight
1 Unholy Aura
1 Death Coil
2 Lich
1 Frost Nova
1 Frost Armor
» actions
| Assign group hotkey | 48 | |
| Basic commands | 35 | |
| Build / train | 87 | |
| Enter build submenu | 19 | |
| Enter hero's abilities submenu | 6 | |
| Give item / drop item | 2 | |
| Right click | 440 | |
| Select / deselect | 280 | |
| Select group hotkey | 210 | |
| Use ability | 77 | |
1204 total
» units
| Acolyte | 2 | |
| Ghoul | 24 | |
| Crypt Fiend | 16 | |
| Obsidian Statue | 2 | |
44 total
» upgrades
| Burrow | 1 | |
| Web | 1 | |
| Creature Carapace | 1 | |
| Creature Attack | 1 | |
4 total
» buildings
| Crypt | 2 | |
| Ziggurat | 8 | |
| Altar of Darkness | 1 | |
| Nerubian Tower | 8 | |
| Graveyard | 1 | |
| Halls of the Dead | 6 | |
| Tomb of Relics | 1 | |
| Black Citadel | 3 | |
| Slaughterhouse | 1 | |
| Spirit Tower | 7 | |
38 total
» build order
00:07 Crypt
00:09 Ziggurat
00:33 Crypt
00:57 Ziggurat
01:45 Altar of Darkness
02:42 Ziggurat
06:47 Nerubian Tower
06:59 Graveyard
07:03 Halls of the Dead
07:03 Halls of the Dead
07:03 Halls of the Dead
07:04 Halls of the Dead
08:00 Nerubian Tower
08:02 Nerubian Tower
09:07 Tomb of Relics
10:10 Ziggurat
11:27 Ziggurat
11:32 Nerubian Tower
11:32 Nerubian Tower
13:43 Ziggurat
13:47 Ziggurat
13:50 Ziggurat
15:21 Black Citadel
15:21 Black Citadel
15:23 Slaughterhouse
16:46 Nerubian Tower
18:55 Spirit Tower
18:56 Spirit Tower
19:03 Spirit Tower
19:04 Spirit Tower
19:04 Spirit Tower
19:04 Spirit Tower
» items
| Scroll of Healing | 1 | |
| Scroll of Protection | 1 | |
2 total

»
brucewillisusa (
pink | 94 APM | 2220 actions | 23:32)
5 Goblin Tinker
3 Pocket Factory
2 Engineering Upgrade
2 Dreadlord
1 Sleep
1 Vampiric Aura
» actions
| Assign group hotkey | 94 | |
| Basic commands | 68 | |
| Build / train | 68 | |
| ESC pressed | 3 | |
| Enter build submenu | 18 | |
| Enter hero's abilities submenu | 7 | |
| Give item / drop item | 1 | |
| Right click | 854 | |
| Select / deselect | 361 | |
| Select group hotkey | 657 | |
| Use ability | 89 | |
2220 total
» units
| Acolyte | 7 | |
| Ghoul | 18 | |
| Crypt Fiend | 6 | |
| Necromancer | 7 | |
| Banshee | 4 | |
42 total
» upgrades
| Web | 1 | |
| Skeletal Mastery | 1 | |
| Skeletal Longevity | 1 | |
| Necromancer Training | 2 | |
| Banshee Training | 2 | |
7 total
» buildings
| Crypt | 2 | |
| Ziggurat | 6 | |
| Altar of Darkness | 1 | |
| Graveyard | 1 | |
| Nerubian Tower | 1 | |
| Spirit Tower | 2 | |
| Halls of the Dead | 3 | |
| Black Citadel | 1 | |
| Temple of the Damned | 2 | |
19 total
» build order
00:14 Crypt
00:16 Ziggurat
00:35 Crypt
00:56 Ziggurat
01:30 Altar of Darkness
03:04 Ziggurat
04:50 Graveyard
07:01 Nerubian Tower
07:02 Spirit Tower
07:02 Spirit Tower
08:08 Halls of the Dead
08:08 Halls of the Dead
08:26 Ziggurat
10:32 Ziggurat
10:33 Ziggurat
11:46 Black Citadel
12:24 Temple of the Damned
12:25 Temple of the Damned
» items
| Scroll of Town Portal | 1 | |
| Scroll of Healing | 1 | |
2 total
team 2 (loser)

»
GodsGrief (
blue | 107 APM | 2525 actions | 23:31)
4 Far Seer
2 Feral Spirit
2 Chain Lighting
1 Lich
1 Frost Nova
» actions
| Assign group hotkey | 15 | |
| Basic commands | 198 | |
| Build / train | 34 | |
| ESC pressed | 1 | |
| Enter build submenu | 7 | |
| Enter hero's abilities submenu | 5 | |
| Give item / drop item | 3 | |
| Right click | 1086 | |
| Select / deselect | 194 | |
| Select group hotkey | 890 | |
| Use ability | 92 | |
2525 total
» units
» buildings
| Altar of Storms | 1 | |
| Orc Burrow | 4 | |
| Barracks | 1 | |
| Voodoo Lounge | 1 | |
| Stronghold | 1 | |
8 total
» build order
00:10 Altar of Storms
00:18 Orc Burrow
00:38 Barracks
01:37 Orc Burrow
01:53 Voodoo Lounge
03:02 Stronghold
03:10 Orc Burrow
04:08 Orc Burrow
» items
| Healing Salve | 2 | |
| Scroll of Speed | 1 | |
| Lesser Clarity Potion | 5 | |
| Staff of Teleportation | 2 | |
| Boots of Speed | 1 | |
| Dust of Appearance | 1 | |
| Potion of Lesser Invulnerability | 1 | |
| Orb of Corruption | 1 | |
| Potion of Healing | 2 | |
| Potion of Mana | 1 | |
17 total

»
Power-Up (
green | 93 APM | 2185 actions | 23:23)
5 Death Knight
3 Death Coil
2 Unholy Aura
4 Lich
2 Frost Nova
2 Frost Armor
1 Crypt Lord
1 Impale
» actions
| Assign group hotkey | 28 | |
| Basic commands | 330 | |
| Build / train | 102 | |
| ESC pressed | 4 | |
| Enter build submenu | 28 | |
| Enter hero's abilities submenu | 10 | |
| Give item / drop item | 8 | |
| Right click | 899 | |
| Select / deselect | 407 | |
| Select group hotkey | 251 | |
| Use ability | 118 | |
2185 total
» units
| Acolyte | 16 | |
| Ghoul | 4 | |
| Crypt Fiend | 19 | |
| Goblin Shredder | 1 | |
| Obsidian Statue | 4 | |
44 total
» upgrades
| Burrow | 1 | |
| Creature Attack | 2 | |
| Creature Carapace | 2 | |
| Destroyer Form | 1 | |
6 total
» buildings
| Crypt | 3 | |
| Graveyard | 2 | |
| Altar of Darkness | 1 | |
| Ziggurat | 9 | |
| Tomb of Relics | 3 | |
| Nerubian Tower | 1 | |
| Halls of the Dead | 4 | |
| Necropolis | 1 | |
| Black Citadel | 7 | |
| Spirit Tower | 5 | |
| Sacrificial Pit | 1 | |
| Slaughterhouse | 1 | |
38 total
» build order
00:06 Crypt
00:09 Graveyard
00:40 Altar of Darkness
00:55 Ziggurat
01:24 Tomb of Relics
02:03 Ziggurat
02:42 Nerubian Tower
04:17 Halls of the Dead
04:17 Halls of the Dead
04:17 Halls of the Dead
04:48 Ziggurat
06:47 Ziggurat
07:42 Necropolis
09:22 Black Citadel
09:22 Black Citadel
09:23 Black Citadel
09:23 Black Citadel
10:49 Ziggurat
10:51 Ziggurat
13:18 Spirit Tower
13:32 Spirit Tower
13:50 Ziggurat
15:45 Spirit Tower
15:53 Tomb of Relics
16:33 Tomb of Relics
16:46 Sacrificial Pit
17:25 Ziggurat
17:29 Slaughterhouse
17:36 Ziggurat
18:16 Spirit Tower
18:17 Spirit Tower
23:01 Crypt
23:02 Halls of the Dead
23:05 Crypt
23:11 Graveyard
» items
| Rod of Necromancy | 5 | |
| Healing Salve | 1 | |
| Lesser Clarity Potion | 1 | |
| Boots of Speed | 2 | |
| Potion of Lesser Invulnerability | 2 | |
| Potion of Healing | 2 | |
| Scroll of Town Portal | 3 | |
| Orb of Corruption | 1 | |
17 total
Chat log
(00:06 / Allies) brucewillisusa: ghouls
(00:25 / Allies) brucewillisusa: theyre slurms
(00:27 / Allies) brucewillisusa: wanna just leave?
(00:29 / Allies) brucewillisusa: ud orc is gross
(00:30 / Allies) brucewillisusa: to fight
(00:31 / Allies) brucewillisusa: with ghuls rush
(00:44 / Allies) avid.milk2: nah lets just go and lose
(00:48 / Allies) brucewillisusa: fine
(01:16 / Allies) brucewillisusa: they arent extreme slurms
(01:21 / Allies) brucewillisusa: but theyre doing their best to approximate
(01:24 / Allies) brucewillisusa: slurm behavior
(01:48 / Allies) brucewillisusa: i say go tinkers and hit ud
(01:53 / Allies) avid.milk2: ud?
(01:57 / Allies) avid.milk2: u crazy?
(01:58 / Allies) brucewillisusa: what u think
(02:00 / Allies) brucewillisusa: orc?
(02:00 / Allies) brucewillisusa: k
(02:04 / Allies) avid.milk2: ya
(02:07 / Allies) avid.milk2: it cant be worse
(02:08 / Allies) avid.milk2: than a ud base
(02:19 / Allies) brucewillisusa: k go now
(02:58 / Allies) brucewillisusa: wrap burrows
(03:08 / Allies) avid.milk2: no bm
(03:09 / Allies) avid.milk2: :*(
(03:47 / Allies) avid.milk2: to te de3ath
(05:27 / Allies) brucewillisusa: main
(05:56 / Allies) avid.milk2: lets leave now
(05:59 / Allies) brucewillisusa: why
(06:01 / Allies) avid.milk2: this is a good time for it
(06:17 / Allies) brucewillisusa: k
(06:24 / All) brucewillisusa: truce
(06:28 / Allies) avid.milk2: unless you want range craft
(06:28 / All) GodsGrief: LOL
(07:25 / Allies) avid.milk2: cool trap
(08:12 / Allies) brucewillisusa: can u
(08:14 / Allies) brucewillisusa: pressure right
(08:14 / Allies) brucewillisusa: side
(08:22 / Allies) avid.milk2: im quitting
(08:23 / Allies) avid.milk2: right
(08:24 / Allies) avid.milk2: NOW
(08:27 / Allies) brucewillisusa: no
(08:29 / Allies) avid.milk2: yes
(08:32 / Allies) avid.milk2: immediately
(08:36 / Allies) avid.milk2: past haste
(08:39 / Allies) avid.milk2: cant leave fast enough
(08:41 / Allies) brucewillisusa: make fiends
(08:41 / Allies) avid.milk2: farseer
(08:43 / Allies) avid.milk2: far
(08:45 / Allies) avid.milk2: he sees
(09:02 / Allies) brucewillisusa: come on
(09:03 / Allies) brucewillisusa: go pressure
(09:04 / Allies) brucewillisusa: right
(09:10 / Allies) avid.milk2: u mean feed?
(09:12 / Allies) avid.milk2: iu can feed
(09:13 / Allies) brucewillisusa: he has a rfree pass on expo
(09:13 / Allies) brucewillisusa: z
(09:16 / Allies) brucewillisusa: can u cry?
(09:23 / Allies) avid.milk2: no sir
(09:26 / Allies) avid.milk2: cant do that
(10:49 / Allies) brucewillisusa: stay on right
(10:52 / Allies) brucewillisusa: dont go 2 far
(10:52 / Allies) brucewillisusa: that is
(11:36 / Allies) brucewillisusa: wood?
(12:15 / Allies) avid.milk2: the orc hacks too
(12:16 / Allies) brucewillisusa: ?
(12:17 / Allies) brucewillisusa: where was it
(12:26 / Allies) avid.milk2: sprinting
(12:28 / Allies) avid.milk2: to get my hero'
(12:38 / Allies) brucewillisusa: pressure right
(12:39 / Allies) brucewillisusa: dont creep
(12:43 / Allies) brucewillisusa: he got a free pass on that expo
(12:48 / Allies) avid.milk2: i was killing my herpo
(13:24 / Allies) avid.milk2: mad e him tp
(13:57 / Allies) brucewillisusa: why did you run all th eway home
(14:04 / Allies) avid.milk2: farseer
(14:07 / Allies) brucewillisusa: hes on left
(14:11 / Allies) avid.milk2: wasnt
(15:42 / Allies) brucewillisusa: thats a barracks
(15:55 / Allies) brucewillisusa: that will never make units
(16:01 / Allies) brucewillisusa: i think maybe u wer eright
(16:02 / Allies) brucewillisusa: abotuleaveing
(16:19 / Allies) brucewillisusa: lets meet
(16:20 / Allies) brucewillisusa: on right
(16:36 / Allies) brucewillisusa: get a statue
(16:37 / Allies) brucewillisusa: u need a shop
(16:40 / Allies) brucewillisusa: wood pls
(17:04 / Allies) brucewillisusa: wood
(17:05 / Allies) brucewillisusa: ?
(17:16 / Allies) brucewillisusa: lets go?
(17:19 / Allies) brucewillisusa: \or no
(17:21 / Allies) brucewillisusa: wait for statue
(17:53 / Allies) brucewillisusa: k lets go
(17:54 / Allies) brucewillisusa: and end htis
(18:01 / Allies) brucewillisusa: ud main base
(18:04 / Allies) brucewillisusa: go his main
(18:09 / Allies) brucewillisusa: travel 2gether
(18:22 / Allies) brucewillisusa: bring all ghouls
(18:27 / Allies) brucewillisusa: come on
(18:29 / Allies) brucewillisusa: we need to go
(19:16 / Allies) brucewillisusa: froget it
(19:17 / Allies) brucewillisusa: go main
(23:04 / All) brucewillisusa: nioobs
(23:05 / All) brucewillisusa: klearn to play
(23:06 / All) brucewillisusa: ok?